 Dungeon Crawl Stone Soup version 0.20-a0-833-gc632bec (webtiles) character file.

6701 Amciq the Fighter (level 11, -3/80 HPs)
             Began as an Octopode Berserker on Mar 7, 2017.
             Was an Elder of Trog.
             Slain by an orc warrior
             ... wielding a +0 trident
              (14 damage)
             ... on level 9 of the Dungeon.
             The game lasted 00:28:08 (8823 turns).

Amciq the Fighter (Octopode Berserker)              Turns: 8823, Time: 00:28:08

Health: -3/80      AC:  1    Str: 18    XL:     11   Next: 3%
Magic:  11/11      EV: 22    Int: 13    God:    Trog [****..]
Gold:   363        SH:  6    Dex: 14    Spells: 10/10 levels left

rFire    . . .     SeeInvis .     - Unarmed
rCold    . . .     Gourm    .   (no shield)
rNeg     . . .     Faith    .   (helmet restricted)
rPois    .         Spirit   .   v - +6 amulet of reflection
rElec    .         Reflect  +   p - ring of protection from magic
rCorr    .         Harm     .   u - +1 ring of slaying
MR       +....                  H - ring "Qocaqaom" {EV+3 Int+4}
Stlth    +++++.....             (no ring)
Regen    0.3/turn               (no ring)
MPRegen  0.2/turn               (no ring)
                                (no ring)
                                (no ring)

@: lethally poisoned (-3 -> -8), exhausted, slowed, very slow
A: almost no armour, stealthy swim, amphibious, 8 rings, constrict 8, camouflage
1, gelatinous body 1
a: Berserk, Trog's Hand, Brothers in Arms, Burn Spellbooks, Renounce Religion


You were on level 9 of the Dungeon.
You worshipped Trog.
Trog was greatly pleased with you.
You were hungry.

You visited 1 branch of the dungeon, and saw 9 of its levels.
You also visited: Bailey.

You collected 453 gold pieces.
You spent 90 gold pieces at shops.

Inventory:

Missiles
 I - 8 silver javelins (quivered)
Jewellery
 p - a ring of protection from magic (left tentacle)
 u - a +1 ring of slaying (right tentacle)
 v - a +6 amulet of reflection (around mantle)
 H - the ring "Qocaqaom" (on tentacle) {EV+3 Int+4}
   (You acquired it in a bailey)

   [ring of evasion]

   It affects your evasion (+3).
   It affects your intelligence (+4).
Wands
 D - a wand of polymorph (13/24)
 G - a wand of paralysis (12/24)
Scrolls
 b - 2 scrolls of teleportation {unknown}
 d - 2 scrolls of random uselessness {unknown}
 e - 4 scrolls of recharging {unknown}
 g - 2 scrolls of amnesia {unknown}
 i - 2 scrolls of enchant armour {unknown}
 j - 2 scrolls of noise {unknown}
 k - 2 scrolls of immolation {unknown}
 m - a scroll of fog {unknown}
 q - 5 scrolls of identify
 w - a scroll of blinking {unknown}
 y - 3 scrolls of remove curse {unknown}
 E - a scroll of enchant weapon {unknown}
Potions
 l - 2 potions of haste
 n - 2 potions of agility
 r - 3 potions of brilliance {unknown}
 s - 3 potions of heal wounds {unknown}
 t - 2 potions of might {unknown}
 x - 4 potions of flight {unknown}
 z - 3 potions of mutation {unknown}
 F - 2 potions of ambrosia {unknown}
Comestibles
 a - 6 bread rations
 c - 7 royal jellies
 f - a chunk of flesh
 h - 5 meat rations
 A - 4 fruits


   Skills:
 * Level 9.2 Fighting
 - Level 4.5 Throwing
 * Level 9.1 Dodging
 + Level 8.1 Stealth
 * Level 9.0 Unarmed Combat


You had 10 spell levels left.
You didn't know any spells.

Dungeon Overview and Level Annotations

Branches:
Dungeon (9/15)             Temple (0/1) D:5             Orc (0/2) D:9
   Lair: D:8-11

Altars:
Ashenzari
Cheibriados
Dithmenos
Hepliaklqana
Nemelex Xobeh
Okawaru
Qazlal
Ru
Sif Muna
Trog
Uskayaw
Vehumet
Wu Jian
Zin

Shops:
D:4 }

Annotations:
D:3 alcopop's ghost, amateur DrWz
D:5 Amciq's ghost, novice MiFi
D:7 1 runed door


Innate Abilities, Weirdness & Mutations

You cannot wear most types of armour.
You are very stealthy in the water. (Stealth+)
You are amphibious.
You can wear up to eight rings at the same time.
You can use your tentacles to constrict eight enemies at once.
Your skin changes colour to match your surroundings (Stealth+).
Your rubbery body absorbs attacks. (AC +1, EV +1)


Message History

You are lethally poisoned!
Your black bear rages.
The orc warrior closely misses you.
Your black bear bites the orc.
Your black bear claws the orc.
The orc dies!
Trog accepts your kill. The orc wizard casts a spell at you.
The puff of flame misses you. You block the orc warrior's attack.
Okay, then.
You feel better. The orc wizard misses you.
Your black bear barely misses the orc warrior.
Your black bear claws the orc warrior.
Your black bear closely misses the orc warrior.
The orc wizard hits you with a dagger of venom.
* * * LOW HITPOINT WARNING * * *
You are poisoned.
Your black bear barely misses the orc warrior.
Your black bear claws the orc warrior. x2
The orc warrior hits you from afar with a trident!
You die...

.........<# #.#
###.##.### #.#
#.#...####.###
#.......(....#
#.#...######.# #.##.##
#.# #.##.# #.# #)##.#
#.# ### #@##.# #.##
....#####o##.#######..#
.........o))...........#
....?##..h.............#
#....##o...##.........##
#..........##.........#
................##....#
.......$........##....#
......................#


You could see 2 orc warriors, an orc wizard and a friendly black bear (berserk).

Vanquished Creatures
  An orc high priest (Bailey)
  The ghost of Duelies the Cleaver, a novice MiFi of Okawaru (Bailey)
  Pikel (D:6)
  2 orc knights (Bailey)
  A kobold demonologist (Bailey)
  A hornet (D:9)
  Grinder (D:6)
  A hippogriff (D:8)
  A wyvern (D:9)
  A hungry ghost (D:8)
  A hell hound (D:9)
  2 soldier ants
  9 orc warriors (Bailey)
  2 slaves (D:6)
  2 ogres
  A centaur (D:6)
  3 scorpions
  5 electric eels (Bailey)
  2 crimson imps (D:8)
  Crazy Yiuf (D:6)
  3 hounds
  4 orc priests
  A centaur skeleton (D:6)
  3 bullfrog skeletons
  Terence (D:3)
  4 iguanas
  9 orc wizards
  10 worker ants
  A howler monkey zombie (D:5)
  A worker ant zombie (D:5)
  6 adders
  4 gnolls
  2 howler monkey skeletons
  A shadow imp (D:9)
  An ooze (D:3)
  An adder zombie (D:5)
  5 worms
  5 dart slugs
  2 leopard geckos
  38 orcs
  11 giant cockroaches
  24 goblins
  9 hobgoblins
  10 jackals
  7 kobolds
  3 quokkas
  5 bats
  4 frilled lizards
  A jackal zombie (D:6)
  2 quokka zombies (D:5)
  6 rats (D:1)
223 creatures vanquished.

Vanquished Creatures (collateral kills)
  An orc (D:9)
1 creature vanquished.

Vanquished Creatures (others)
  A leopard gecko (D:6)
1 creature vanquished.

Grand Total: 225 creatures vanquished

Notes
Turn   | Place    | Note
-------+----------+-------------------------------------------
     0 | D:1      | Amciq the Octopode Berserker began the quest for the Orb.
     0 | D:1      | Reached XP level 1. HP: 16/16 MP: 1/1
   120 | D:1      | Reached XP level 2. HP: 14/21 MP: 2/2
   778 | D:2      | Reached XP level 3. HP: 26/26 MP: 3/3
   877 | D:2      | Found a stormy altar of Qazlal.
  1111 | D:2      | Reached skill level 1 in Stealth
  1210 | D:2      | Found a hazy altar of Hepliaklqana.
  1211 | D:2      | Found a sacrificial altar of Ru.
  1322 | D:2      | Found a deep blue altar of Sif Muna.
  1566 | D:2      | Reached ** piety under Trog
  1631 | D:2      | Reached XP level 4. HP: 24/32 MP: 4/4
  1897 | D:3      | Reached skill level 1 in Throwing
  1937 | D:3      | Found an iron altar of Okawaru.
  1993 | D:3      | Noticed Terence
  2002 | D:3      | Killed Terence
  2025 | D:3      | Reached XP level 5. HP: 18/37 MP: 5/5
  2278 | D:3      | Found a snail-covered altar of Cheibriados.
  2524 | D:3      | Found a faded altar of an unknown god.
  2528 | D:3      | Noticed alcopop's ghost (amateur DrWz)
  2610 | D:4      | Noticed an ogre
  2614 | D:4      | Killed an ogre
  2614 | D:4      | Reached XP level 6. HP: 43/43 MP: 6/6
  2891 | D:4      | Found Heehoer's Gadget Shoppe.
  3222 | D:5      | Entered Level 5 of the Dungeon
  3228 | D:5      | Reached XP level 7. HP: 49/49 MP: 7/7
  3315 | D:5      | Found a sparkling altar of Nemelex Xobeh.
  3328 | D:5      | Found an ornate altar of the Wu Jian Council.
  3441 | D:5      | Noticed Amciq's ghost (novice MiFi)
  3481 | D:5      | Found a radiant altar of Vehumet.
  3561 | D:5      | Reached *** piety under Trog
  3743 | D:5      | Found a bloodstained altar of Trog.
  3938 | D:5      | Found a staircase to the Ecumenical Temple.
  4067 | D:5      | Reached skill level 5 in Fighting
  4345 | D:6      | Reached skill level 5 in Unarmed Combat
  4506 | D:6      | Noticed Grinder
  4513 | D:6      | Killed Grinder
  4513 | D:6      | Reached skill level 5 in Dodging
  4513 | D:6      | Reached XP level 8. HP: 56/56 MP: 8/8
  4552 | D:6      | Noticed Pikel
  4563 | D:6      | Killed Pikel
  4563 | D:6      | Reached skill level 5 in Stealth
  4755 | D:6      | Found a shadowy altar of Dithmenos.
  5002 | D:6      | Found a runed door.
  5006 | D:6      | Noticed Crazy Yiuf
  5012 | D:6      | Killed Crazy Yiuf
  5250 | D:7      | Found Zin's Purification Station.
  5252 | D:7      | Found a glowing silver altar of Zin.
  5255 | D:7      | Bought a potion of curing for 90 gold pieces
  5280 | D:7      | Reached XP level 9. HP: 63/63 MP: 9/9
  5384 | D:7      | Found a runed door.
  5425 | D:7      | Found a flagged portal.
  5449 | Bailey   | Entered a bailey
  5734 | Bailey   | Found an iron altar of Okawaru.
  5734 | Bailey   | Noticed an orc high priest
  5734 | Bailey   | Noticed a kobold demonologist
  5763 | Bailey   | Killed an orc high priest
  5862 | Bailey   | Noticed a soul eater
  5863 | Bailey   | Noticed a smoke demon
  5864 | Bailey   | Killed a kobold demonologist
  6117 | Bailey   | Noticed an orc knight
  6142 | Bailey   | Reached XP level 10. HP: 49/72 MP: 10/10
  6153 | Bailey   | Killed an orc knight
  6395 | Bailey   | Noticed Duelies's ghost (novice MiFi)
  6512 | Bailey   | Reached **** piety under Trog
  6529 | Bailey   | Noticed an orc knight
  6537 | Bailey   | Killed an orc knight
  6573 | Bailey   | Got an ancient granite ring
  6574 | Bailey   | Identified the ring "Qocaqaom" {EV+3 Int+4} (You acquired it in a bailey)
  6989 | Bailey   | Killed Duelies's ghost
  7916 | D:7      | Found a runed door.
  7923 | D:7      | Received a gift from Trog
  8021 | D:8      | Found a hide-covered altar of Uskayaw.
  8231 | D:8      | Found a shattered altar of Ashenzari.
  8444 | D:9      | Paralysed by a hornet for 2 turns
  8772 | D:9      | Found a staircase to the Orcish Mines.
  8785 | D:9      | Reached XP level 11. HP: 42/80 MP: 11/11
  8823 | D:9      | Slain by an orc warrior

Vault maps used:
D:1:      dpeg_arrival_shrine
D:2:      nicolae_qazlal_eye_of_the_storm, led_sif_pool,
          gammafunk_temple_overflow_statue
D:3:      kennysheep_slug_shrine, kennysheep_okawaru_gauntlet,
          chequers_ecumenical_altar_simple, uniq_terence
D:4:      first_bread, serial_shops, shop
D:5:      nicolae_overflow_crystal_walls, old_standard_altar,
          kennysheep_mini_moat, lemuel_crystal_altar, lemuel_temple_firewalk_b
D:6:      minmay_misc_feat_tower, grunt_decor_arrowhead,
          nicolae_dithmenos_through_a_glass_darkly, uniq_grinder, uniq_pikel,
          uniq_crazy_yiuf_cottage
D:7:      lemuel_insect_pit, zin_purify, lightli_bailey_entry_fortress
D:8:      nicolae_overflow_hidden_temple, basic_altar
D:9:      lemuel_doored_altar, minmay_lair_entry_lava, erik_orc_4,
          hangedman_pestilent_swarm
Bailey:   bailey_axe_of_yendor_kennysheep, bailey

Skill      XL: |  1  2  3  4  5  6  7  8  9 10 |
---------------+-------------------------------+-----
Stealth        | 1 2 3 4 5 6 8 |  8.1
Throwing       | 1 2 3 4 |  4.5
Unarmed Combat | 4 5 6 7 9 |  9.0
Fighting       | 4 5 6 7 9 |  9.2
Dodging        | 4 5 6 7 9 |  9.1

Action                   |  1- 3 |  4- 6 |  7- 9 | 10-12 || total
-------------------------+-------+-------+-------+-------++-------
Melee: Unarmed           |    72 |    76 |   161 |   165 ||   474
       Constrict         |    25 |    25 |    46 |    35 ||   131
       Tentacles         |    13 |    19 |    41 |    38 ||   111
       Punch             |     1 |     4 |    11 |    19 ||    35
Throw: Stone             |    13 |    11 |       |       ||    24
Invok: Berserk           |     1 |     4 |     9 |     9 ||    23
       Trog's Hand       |       |     1 |     4 |     3 ||     8
       Burn Spellbooks   |       |     1 |       |     3 ||     4
       Brothers in Arms  |       |       |       |     2 ||     2
  Use: Scroll            |       |     3 |       |     1 ||     4
       Potion            |       |       |       |     3 ||     3
 Stab: Sleeping          |    13 |     6 |    15 |     7 ||    41
       Distracted        |       |       |       |     3 ||     3
  Eat: Chunk             |     3 |     9 |    19 |    13 ||    44
       Meat ration       |       |       |       |     1 ||     1
Armor: Skin              |     3 |     3 |     1 |     3 ||    10
Dodge: Dodged            |    31 |    35 |    45 |    91 ||   202
Block: Other             |       |     5 |    23 |    39 ||    67
       Reflection        |       |       |     1 |       ||     1
